cohdb
Replays
Latest Replays
All Replays
Popular Replays
Top Player Replays
Match Explorer
How It Works
Community
CoH3 Stats
Reddit
Sign in to upload your games and track your stats! →
Sign in with Steam
Match 41617904
Unlisted
Match 41617904
Overview
Messages
Build Orders
End
Kradschützen Motorcycle Team
Panzerpioneer Squad
Selects Panzerjäger Kommand Battlegroup
Selects Mine Fields
250 Light Carrier
Construct Light Support Kompanie
Combat Half-tracks
Selects GrB 39 Grenade Launcher Requisition
Assault Grenadier Squad
Panzerpioneer Squad
Fire Support Elements
Assault Mechanized Group
Panzerjäger Squad
Construct Panzerarmee Kommand
Selects Early Warning
Emergency Repair Kits
Selects Butterfly Bomb Drop
Butterfly Bomb Drop
Veteran Squad Leaders
2.5-tonne Medical Truck
Panzer III L Medium Tank
Panzer III L Medium Tank
Panzer III L Medium Tank
Butterfly Bomb Drop
Panzer III L Medium Tank
Vehicle Survival Package
Selects Crew Shock Tactics
Rapid Advance
Demi
Fatal Thoughts
Drink||Chouchen
Drink||PiconBiere
0
0
Comments
sign in to comment!
No comments posted yet!